NYP
VANCOUVER CANADIANS @ SPOKANE INDIANS
07/12/2044
 
TOP OF THE 1ST
Vancouver Canadians batting - Pitching for Spokane Indians : LHP Luis Marmolejos
Pitching: LHP Luis Marmolejos
Batting: RHB Dylan Phillips 0-0: Foul Ball, location: 2F
0-1: Ball
1-1: Called Strike
1-2: Strikes out looking
Batting: SHB Harrison Feist 0-0: Foul Ball, location: 2F
0-1: Foul Ball, location: 2F
0-2: Ball
1-2: Foul Ball, location: 2F
1-2: Ball
2-2: Ground out 4-3 (Groundball, 6MD, EV 77.5 MPH)
Batting: RHB Josh Swartzentruber 0-0: Fly out, F7 (Flyball, 7D, EV 89.4 MPH)
Top of the 1st over - 0 runs, 0 hits, 0 errors, 0 left on base; Vancouver 0 - Spokane 0
BOTTOM OF THE 1ST
Spokane Indians batting - Pitching for Vancouver Canadians : RHP Marco Rodriguez
Pitching: RHP Marco Rodriguez
Batting: RHB Jason Sher 0-0: Foul Ball, location: 2F
0-1: Ball
1-1: Bunt missed!
1-2: Foul Ball, location: 2F
1-2: Ball
2-2: Ground out 6-3 (Groundball, 6MD, EV 92.5 MPH)
Batting: RHB Salvador Caldera 0-0: Ball
1-0: Ball
2-0: Called Strike
2-1: Ground out 6-3 (Groundball, 6, EV 85.0 MPH)
Batting: RHB Brian Morrison 0-0: Ball
1-0: Foul Ball, location: 2F
1-1: Ball
2-1: Foul Ball, location: 2F
2-2: SINGLE (Groundball, 56D, EV 101.3 MPH)
Batting: RHB Andy Sheridan 0-0: Ball
1-0: Fly out, F7 (Flyball, 7D, EV 95.0 MPH)
Bottom of the 1st over - 0 runs, 1 hit, 0 errors, 1 left on base; Vancouver 0 - Spokane 0
TOP OF THE 2ND
Vancouver Canadians batting - Pitching for Spokane Indians : LHP Luis Marmolejos
Batting: RHB Reed Ryan 0-0: Swinging Strike
0-1: Ball
1-1: Swinging Strike
1-2: Foul Ball, location: 2F
1-2: Strikes out swinging
Batting: RHB Brian Manson 0-0: Foul Ball, location: 2F
0-1: Ball
1-1: Swinging Strike
1-2: Foul Ball, location: 2F
1-2: Strikes out swinging
Batting: RHB Bryan Peterson 0-0: Ball
1-0: Ball
2-0: Called Strike
2-1: Ground out 4-3 (Groundball, 4, EV 85.6 MPH)
Top of the 2nd over - 0 runs, 0 hits, 0 errors, 0 left on base; Vancouver 0 - Spokane 0
BOTTOM OF THE 2ND
Spokane Indians batting - Pitching for Vancouver Canadians : RHP Marco Rodriguez
Batting: LHB Guo-ning Ren 0-0: Foul Ball, location: 2F
0-1: Foul Ball, location: 2F
0-2: Ground out 4-3 (Groundball, 4, EV 102.5 MPH)
Batting: RHB Justin Aslinger 0-0: Swinging Strike
0-1: Fly out, F8 (Flyball, 89D, EV 91.3 MPH)
Batting: RHB Zi-jing Wang 0-0: Ground out 6-3 (Groundball, 6MS, EV 88.1 MPH)
Bottom of the 2nd over - 0 runs, 0 hits, 0 errors, 0 left on base; Vancouver 0 - Spokane 0
TOP OF THE 3RD
Vancouver Canadians batting - Pitching for Spokane Indians : LHP Luis Marmolejos
Batting: RHB Laroya Foronda 0-0: Ball
1-0: Called Strike
1-1: Ball
2-1: Swinging Strike
2-2: Ball
3-2: Base on Balls
Batting: RHB Andy Bridger 0-0: Ball
1-0: Ball
2-0: Called Strike
2-1: Swinging Strike
2-2: Ball
3-2: Strikes out swinging
Batting: LHB Adam Santarelli 0-0: Called Strike
Laroya Foronda is caught stealing 2nd base 2-6
0-1: Swinging Strike
0-2: Foul Ball, location: 2F
0-2: Ball
1-2: Ball
2-2: Strikes out looking
Top of the 3rd over - 0 runs, 0 hits, 0 errors, 0 left on base; Vancouver 0 - Spokane 0
BOTTOM OF THE 3RD
Spokane Indians batting - Pitching for Vancouver Canadians : RHP Marco Rodriguez
Batting: RHB Jose Sisneros 0-0: Called Strike
0-1: Fly out, F8 (Flyball, 78D, EV 104.4 MPH)
Batting: RHB Dongdo-pa Mai 0-0: Ball
1-0: Fly out, F9 (Flyball, 9LM, EV 92.5 MPH)
Batting: RHB Jason Sher 0-0: Ball
1-0: Ball
2-0: Ball
3-0: Called Strike
3-1: Ground out 6-3 (Groundball, 6, EV 87.5 MPH)
Bottom of the 3rd over - 0 runs, 0 hits, 0 errors, 0 left on base; Vancouver 0 - Spokane 0
TOP OF THE 4TH
Vancouver Canadians batting - Pitching for Spokane Indians : LHP Luis Marmolejos
Batting: RHB Dylan Phillips 0-0: Called Strike
0-1: Foul Ball, location: 2F
0-2: Ball
1-2: Ball
2-2: Ball
3-2: Strikes out swinging
Batting: SHB Harrison Feist 0-0: Swinging Strike
0-1: Ball
1-1: Foul Ball, location: 2F
1-2: Strikes out looking
Batting: RHB Josh Swartzentruber 0-0: Swinging Strike
0-1: Swinging Strike
0-2: Ball
1-2: SINGLE (Groundball, 6MD, EV 104.4 MPH) (infield hit)
Batting: RHB Reed Ryan 0-0: Ball
1-0: Ball
2-0: Ball
3-0: Base on Balls
Josh Swartzentruber to second
Batting: RHB Brian Manson 0-0: Fly out, F8 (Flyball, 8RXD, EV 76.3 MPH)
Top of the 4th over - 0 runs, 1 hit, 0 errors, 2 left on base; Vancouver 0 - Spokane 0
BOTTOM OF THE 4TH
Spokane Indians batting - Pitching for Vancouver Canadians : RHP Marco Rodriguez
Batting: RHB Salvador Caldera 0-0: Ball
1-0: Called Strike
1-1: Swinging Strike
1-2: Ball
2-2: Fly out, F8 (Flyball, 78D, EV 101.3 MPH)
Batting: RHB Brian Morrison 0-0: Called Strike
0-1: Ball
1-1: Foul Ball, location: 2F
1-2: Ball
2-2: Ground out 4-3 (Groundball, 4, EV 77.5 MPH)
Batting: RHB Andy Sheridan 0-0: Foul Ball, location: 2F
0-1: Called Strike
0-2: Foul Ball, location: 2F
0-2: Ball
1-2: Ball
2-2: Ball
3-2: Fly out, F6 (Line Drive, 6, EV 65.6 MPH)
Bottom of the 4th over - 0 runs, 0 hits, 0 errors, 0 left on base; Vancouver 0 - Spokane 0
TOP OF THE 5TH
Vancouver Canadians batting - Pitching for Spokane Indians : LHP Luis Marmolejos
Batting: RHB Bryan Peterson 0-0: Ball
1-0: Ground out 6-3 (Groundball, 6M, EV 88.1 MPH)
Batting: RHB Laroya Foronda 0-0: Fly out, F5 (Flyball, 5D, EV 90.0 MPH)
Batting: RHB Andy Bridger 0-0: Fly out, F7 (Flyball, 7S, EV 78.8 MPH)
Top of the 5th over - 0 runs, 0 hits, 0 errors, 0 left on base; Vancouver 0 - Spokane 0
BOTTOM OF THE 5TH
Spokane Indians batting - Pitching for Vancouver Canadians : RHP Marco Rodriguez
Batting: LHB Guo-ning Ren 0-0: Ball
1-0: Ball
2-0: Called Strike
2-1: Foul Ball, location: 2F
2-2: SINGLE (Line Drive, 78S, EV 99.4 MPH)
Batting: RHB Justin Aslinger 0-0: Ball
Guo-ning Ren is caught stealing 2nd base 2-4
1-0: Ball
2-0: Ball
3-0: Called Strike
3-1: Base on Balls
Batting: RHB Zi-jing Wang 0-0: Ball
1-0: Called Strike
1-1: Ball
Justin Aslinger is caught stealing 2nd base 2-4
2-1: Fly out, F3 (Popup, 23F, EV 86.3 MPH)
Bottom of the 5th over - 0 runs, 1 hit, 0 errors, 0 left on base; Vancouver 0 - Spokane 0
TOP OF THE 6TH
Vancouver Canadians batting - Pitching for Spokane Indians : LHP Luis Marmolejos
Batting: LHB Adam Santarelli 0-0: Called Strike
0-1: Ball
1-1: Swinging Strike
1-2: Foul Ball, location: 2F
1-2: Strikes out swinging
Batting: RHB Dylan Phillips 0-0: Called Strike
0-1: Ball
1-1: Foul Ball, location: 2F
1-2: Fly out, F9 (Flyball, 89D, EV 109.4 MPH)
Batting: SHB Harrison Feist 0-0: Called Strike
0-1: Called Strike
0-2: SINGLE (Groundball, 56D, EV 105.0 MPH)
Batting: RHB Josh Swartzentruber 0-0: Foul Ball, location: 2F
0-1: Swinging Strike
0-2: Foul Ball, location: 2F
Balk!
Harrison Feist to second
0-2: Ball
1-2: Fly out, F8 (Flyball, 8RXD, EV 86.3 MPH)
Top of the 6th over - 0 runs, 1 hit, 0 errors, 1 left on base; Vancouver 0 - Spokane 0
BOTTOM OF THE 6TH
Spokane Indians batting - Pitching for Vancouver Canadians : RHP Marco Rodriguez
Batting: RHB Jose Sisneros 0-0: Ball
1-0: Ground out 5-3 (Groundball, 56, EV 91.9 MPH)
Batting: RHB Dongdo-pa Mai 0-0: Ball
1-0: Ground out 6-3 (Groundball, 6, EV 84.4 MPH)
Batting: RHB Jason Sher 0-0: Ball
1-0: Called Strike
1-1: Foul Ball, location: 2F
1-2: Foul Ball, location: 2F
1-2: Ball
2-2: Foul Ball, location: 2F
2-2: Ball
3-2: Fly out, F8 (Flyball, 8RXD, EV 103.8 MPH)
Bottom of the 6th over - 0 runs, 0 hits, 0 errors, 0 left on base; Vancouver 0 - Spokane 0
TOP OF THE 7TH
Vancouver Canadians batting - Pitching for Spokane Indians : LHP Luis Marmolejos
Batting: RHB Reed Ryan 0-0: Called Strike
0-1: Ball
1-1: Ball
2-1: Ball
3-1: SINGLE (Groundball, 25, EV 69.4 MPH) (infield hit)
Batting: RHB Brian Manson 0-0: Swinging Strike
0-1: Ball
1-1: Ball
2-1: Called Strike
2-2: Ball
3-2: Foul Ball, location: 2F
3-2: Foul Ball, location: 2F
3-2: DOUBLE (Line Drive, 9LS, EV 99.4 MPH)
Reed Ryan to third
Pitching: RHP Freddie Deitz
Batting: RHB Bryan Peterson 0-0: Swinging Strike
0-1: Ball
1-1: Foul Ball, location: 2F
1-2: Ball
2-2: Ball
3-2: SINGLE (Line Drive, 9S, EV 110.0 MPH)
Reed Ryan scores
Brian Manson to third
Pinch Hitting: LHB Curt Maxwell 0-0: Swinging Strike
0-1: Called Strike
0-2: Ground out 5-3 (Groundball, 5, EV 86.9 MPH)
Bryan Peterson to second
Pinch Hitting: LHB Cedric Saunders 0-0: Ball
1-0: Called Strike
1-1: SINGLE (Line Drive, 6MD, EV 99.4 MPH)
Brian Manson scores
Bryan Peterson to third
Pitching: LHP Steve Calhoon
Pinch Hitting: RHB Cesar Chavez 0-0: Ball
1-0: Swinging Strike
1-1: Called Strike
1-2: Strikes out looking
Cedric Saunders steals 2nd, throwing error, E2
Bryan Peterson scores
Cedric Saunders to third
Pitching: RHP Carl Kessels
Batting: RHB Dylan Phillips 0-0: Ball
1-0: Foul Ball, location: 2F
1-1: Foul Ball, location: 2F
1-2: Ball
2-2: Foul Ball, location: 2F
2-2: Ball
3-2: Strikes out looking
Top of the 7th over - 3 runs, 4 hits, 1 error, 1 left on base; Vancouver 3 - Spokane 0
BOTTOM OF THE 7TH
Spokane Indians batting - Pitching for Vancouver Canadians : RHP Marco Rodriguez
Now at 2B: Cesar Chavez
Now at SS: Dylan Phillips
Now in LF: Edgar Castillo
Now in RF: Julio Canseco
Batting: RHB Salvador Caldera 0-0: Ball
1-0: SINGLE (Groundball, 56D, EV 99.4 MPH)
Batting: RHB Brian Morrison 0-0: Called Strike
0-1: Ball
1-1: Ball
2-1: Ball
3-1: Foul Ball, location: 2F
3-2: Fielders Choice at 2nd, 4-6 (Groundball, 4, EV 86.9 MPH)
Batting: RHB Andy Sheridan 0-0: Called Strike
0-1: Ball
1-1: Ball
2-1: Fly out, F9 (Flyball, 89S, EV 89.4 MPH)
Batting: LHB Guo-ning Ren 0-0: Foul Ball, location: 2F
0-1: Ball
1-1: Ground out 4-3 (Groundball, 4, EV 103.8 MPH)
Bottom of the 7th over - 0 runs, 1 hit, 0 errors, 1 left on base; Vancouver 3 - Spokane 0
TOP OF THE 8TH
Vancouver Canadians batting - Pitching for Spokane Indians : RHP Carl Kessels
Batting: SHB Harrison Feist 0-0: Ball
1-0: Called Strike
1-1: Called Strike
1-2: Foul Ball, location: 2F
1-2: Strikes out swinging
Batting: RHB Josh Swartzentruber 0-0: Foul Ball, location: 2F
0-1: Foul Ball, location: 2F
0-2: Ball
1-2: Ball
2-2: Ball
3-2: Fly out, F8 (Flyball, 78XD, EV 91.3 MPH)
Batting: RHB Reed Ryan 0-0: Called Strike
0-1: Foul Ball, location: 2F
0-2: Ground out 5-3 (Groundball, 5S, EV 82.5 MPH)
Top of the 8th over - 0 runs, 0 hits, 0 errors, 0 left on base; Vancouver 3 - Spokane 0
BOTTOM OF THE 8TH
Spokane Indians batting - Pitching for Vancouver Canadians : RHP Marco Rodriguez
Pitching: RHP Juan Rodriguez
Now at 1B: Alex Vazquez
Batting: RHB Justin Aslinger 0-0: Swinging Strike
0-1: Ball
1-1: SINGLE (Flyball, 89S, EV 85.6 MPH)
Batting: RHB Zi-jing Wang 0-0: Ball
1-0: Foul Ball, location: 2F
1-1: Ball
2-1: Ball
3-1: Grounds into double play, 4-6-3 (Groundball, 4, EV 105.6 MPH)
Pinch Hitting: LHB William Hanley 0-0: Called Strike
0-1: Ball
1-1: Foul Ball, location: 2F
1-2: Ball
2-2: Ball
3-2: Strikes out swinging
Bottom of the 8th over - 0 runs, 1 hit, 0 errors, 0 left on base; Vancouver 3 - Spokane 0
TOP OF THE 9TH
Vancouver Canadians batting - Pitching for Spokane Indians : RHP Carl Kessels
Now at SS: Alex Vasquez
Batting: RHB Brian Manson 0-0: Swinging Strike
0-1: Ball
1-1: Foul Ball, location: 2F
1-2: Strikes out swinging
Batting: RHB Bryan Peterson 0-0: Ball
1-0: Swinging Strike
1-1: Foul Ball, location: 2F
1-2: Strikes out swinging
Pitching: RHP Eddie Rojo
Batting: LHB Edgar Castillo 0-0: Ball
1-0: Foul Ball, location: 2F
1-1: Ball
2-1: Ground out 4-3 (Groundball, 34D, EV 106.3 MPH)
Top of the 9th over - 0 runs, 0 hits, 0 errors, 0 left on base; Vancouver 3 - Spokane 0
BOTTOM OF THE 9TH
Spokane Indians batting - Pitching for Vancouver Canadians : RHP Juan Rodriguez
Pitching: RHP Jonathan Ballejos
Batting: RHB Dongdo-pa Mai 0-0: Ground out U3 (Groundball, 34S, EV 80.6 MPH)
Pinch Hitting: LHB Mike Sloan 0-0: Called Strike
0-1: Swinging Strike
0-2: Ball
1-2: Strikes out swinging
Batting: RHB Salvador Caldera 0-0: Ground out 6-3 (Groundball, 6, EV 108.1 MPH)
Bottom of the 9th over - 0 runs, 0 hits, 0 errors, 0 left on base; Vancouver 3 - Spokane 0
Thursday, March 31st , 2022 - OOTP Baseball 22.12 Build 89